 Dungeon Crawl Stone Soup version 0.25-a0-479-g8579842fd4 (webtiles) character file.

Game seed: 10125303738494754265, levelgen mode: deterministic

37 kae the Sneak (level 3, -7/19 HPs)
             Began as a Kobold Enchanter on Feb 9, 2020.
             Killed from afar by an orc wizard (10 damage)
             ... with a magic dart
             ... on level 3 of the Dungeon.
             The game lasted 00:02:13 (1646 turns).

kae the Sneak (Kobold Enchanter)                    Turns: 1646, Time: 00:02:13

Health: -7/19      AC:  2    Str:  5    XL:     3   Next: 60%
Magic:  7/7        EV: 15    Int: 16    God:
Gold:   89         SH:  0    Dex: 16    Spells: 4/7 levels left

rFire    + . .     SeeInvis .   a - +1 dagger
rCold    + . .     Gourm    .   (shield restricted)
rNeg     . . .     Faith    .   b - +0 robe
rPois    +         Spirit   .   (no helmet)
rElec    +         Reflect  .   (no cloak)
rCorr    +         Harm     .   (no gloves)
MR       .....                  (no boots)
Stlth    +++.......             (no amulet)
HPRegen  0.06/turn              (no ring)
MPRegen  0.10/turn              (no ring)

@: resistant, flying, hasted, very quick
A: small, carnivore
a: no special abilities


You were on level 3 of the Dungeon.
You were completely stuffed.

You visited 1 branch of the dungeon, and saw 3 of its levels.

You collected 89 gold pieces.

Inventory:

Hand Weapons
 a - a +1 dagger (weapon)
Armour
 b - a +0 robe (worn)
Scrolls
 f - a scroll of identify {unknown}
Potions
 e - a potion of flight
Comestibles
 d - 4 rations
 g - 3 chunks of flesh


   Skills:
 * Level 3.2 Short Blades
 - Level 2.4 Dodging
 - Level 4.0 Stealth
 + Level 2.6 Spellcasting
 + Level 3.3 Hexes


You had 4 spell levels left.
You knew the following spells:

 Your Spells              Type           Power        Failure   Level  Hunger
a - Corona                Hex            ##.....      4%          1    #......
b - Ensorcelled Hibernat  Hex/Ice        #.....       14%         2    ##.....

Your spell library contained the following spells:

 Spells                   Type           Power        Failure   Level  Hunger
 Confusing Touch          Hex            ##......     14%         3    ###....
 Tukima's Dance           Hex            ##......     14%         3    ###....
 Dazzling Flash           Conj/Hex       #.....       28%         3    ###....


Dungeon Overview and Level Annotations

Branches:
Dungeon (2/15)

Altars:
Fedhas


Innate Abilities, Weirdness & Mutations

You are small and have problems with some larger weapons.
You are carnivorous and can eat meat at any time.


Message History

You hit the orc.
You kill the orc!
The orc wizard hits you but does no damage.
Things that are here:
a cursed -3 short sword; a +0 scale mail; an orc corpse It was a potion of resistance.
You feel protected.
The orc wizard hits you with a +0 dagger.
* * * LOW HITPOINT WARNING * * *
The orc wizard casts a spell.
The orc wizard blinks!
The orc wizard hits you but does no damage.
The orc wizard hits you with a +0 dagger.
* * * LOW HITPOINT WARNING * * *
The orc wizard misses you.
You see here 11 gold pieces.
The orc wizard points at you and mumbles some strange words.
The magic dart hits you!
Ouch! That really hurt!
You die...

...........?##.#
########...##
########..##
##.....###[##
##.......#)รท.#
#..........#.#
#..........#.#
#.........##)#
#@.o$.....##.#
#.........##.#
##...........# #
#.........##.###.#
#.........##.)....
#.........##.###.#
#..........#.# #
#......P.P.#..
##......_..##.


You could see an orc wizard.

Vanquished Creatures
  A leopard gecko (D:3)
  4 orcs (D:3)
  A giant cockroach (D:1)
  3 goblins
  7 hobgoblins
  A kobold (D:1)
  5 bats
  4 frilled lizards (D:1)
  5 rats
31 creatures vanquished.

Notes
Turn   | Place    | Note
-------+----------+-------------------------------------------
     0 | D:1      | kae the Kobold Enchanter began the quest for the Orb.
     0 | D:1      | Reached XP level 1. HP: 10/10 MP: 3/3
   246 | D:1      | Reached XP level 2. HP: 9/15 MP: 3/5
   361 | D:1      | Learned a level 2 spell: Ensorcelled Hibernation
   882 | D:1      | You fall into a shaft and drop 1 floor!
   963 | D:1      | Reached XP level 3. HP: 19/19 MP: 6/6
  1348 | D:2      | You fall into a shaft and drop 1 floor!
  1348 | D:3      | Found a blossoming altar of Fedhas.
  1646 | D:3      | Killed from afar by an orc wizard

Levels and vault maps discovered:
D:1:      psy_arrival_terrarium, layout_loops_ring
D:2:      layout_basic, nicolae_overflow_crystal_walls, uniq_natasha
D:3:      layout_rooms, fedhas_altar_1

Skill      XL: |  1  2  3 |
---------------+----------+-----
Short Blades   | 2 3 |  3.2
Dodging        | |  2.4
Stealth        | |  4.0
Spellcasting   | |  2.6
Hexes          | |  3.3

Action                   || total
-------------------------++-------
Melee: Dagger            ||   129
 Cast: Corona            ||     8
       Ensorcelled Hiber ||     8
  Use: Potion            ||     6
       Scroll            ||     4
 Stab: Sleeping          ||    11
  Eat: Chunk             ||    11
Armor: Robe              ||    11
Dodge: Dodged            ||    82

Table legend:
 A = Non-vault XP
 B = Vault XP
 C = Vault XP percentage of total XP
 D = Non-vault monster count
 E = Vault monster count
 F = Vault count percentage of total count
                 A         B        C        D         E       F
            +---------+---------+-------+---------+---------+-------
      Total |      53 |       0 |   0.0 |      31 |       0 |   0.0
            +---------+---------+-------+---------+---------+-------
        D:1 |      31 |       0 |   0.0 |      21 |       0 |   0.0
        D:2 |       3 |       0 |   0.0 |       2 |       0 |   0.0
        D:3 |      19 |       0 |   0.0 |       8 |       0 |   0.0
            +---------+---------+-------+---------+---------+-------
